 Dungeon Crawl Stone Soup version 0.17-a0-2122-g03d97ec (webtiles) character file.

240 septik the Cudgeler (level 5, -1/46 HPs)
             Began as a Minotaur Berserker on Oct 21, 2015.
             Was a Priest of Trog.
             Succumbed to a killer bee's poison
             ... on level 3 of the Dungeon.
             The game lasted 00:05:42 (2284 turns).

septik the Cudgeler (Minotaur Berserker)            Turns: 2284, Time: 00:05:42

Health: -1/46      AC:  6    Str: 22    XL:     5   Next: 80%
Magic:  4/4        EV: 10    Int:  4    God:    Trog [***...]
Gold:   160        SH:  0    Dex: 10    Spells: 0 memorised, 4 levels left

rFire  . . .     SeeInvis .     a - +0 mace
rCold  . . .     Clarity  .     g - +0 scale mail
rNeg   . . .     SustAt   .     (no shield)
rPois  .         Gourm    .     (helmet restricted)
rElec  .         Spirit   .     (no cloak)
rCorr  .         Warding  .     (no gloves)
rMut   .         Stasis   .     (no boots)
MR     .....                    (no amulet)
Stlth  ..........               (no ring)
                                (no ring)

@: lethally poisoned (-1 -> -22), exhausted, not resistant to hostile
enchantments, extremely unstealthy
A: retaliatory headbutt, horns 2
a: Berserk, Trog's Hand, Burn Spellbooks, Renounce Religion


You were on level 3 of the Dungeon.
You worshipped Trog.
Trog was most pleased with you.
You were very hungry.

You visited 1 branch of the dungeon, and saw 3 of its levels.

You collected 160 gold pieces.

Inventory:

Hand Weapons
 a - a +0 mace (weapon)
Missiles
 e - 88 stones (quivered)
Armour
 b - a +0 animal skin
 f - a +0 ring mail
 g - a +0 scale mail (worn)
Jewellery
 k - an uncursed ring of see invisible {unknown}
Scrolls
 d - 3 scrolls of remove curse
 m - a scroll of enchant armour {unknown}
 o - a scroll of identify {unknown}
 q - a scroll of blinking {unknown}
Potions
 l - a potion of cancellation
 n - a potion of curing {unknown}
 r - a potion of flight {unknown}
Comestibles
 c - 3 bread rations
 h - 7 fruits
 i - 3 chunks of flesh
 j - a slice of pizza
 p - 2 meat rations


   Skills:
 - Level 3.9 Fighting
 + Level 7.7 Maces & Flails
 - Level 2.6 Armour
 - Level 2.2 Dodging


You had 4 spell levels left.
You didn't know any spells.

Dungeon Overview and Level Annotations

Branches:
Dungeon (3/15)

Altars:
The Shining One


Innate Abilities, Weirdness & Mutations

You reflexively headbutt those who attack you in melee.
You have a pair of horns on your head.


Message History

You feel your anger subside.
* * * LOW HITPOINT WARNING * * *
You feel sick.
You are no longer berserk.
You are exhausted.
You feel yourself slow down.
You are feeling very hungry.
* * * LOW HITPOINT WARNING * * *
You feel sick.
Read which item? (? for menu, Esc to quit)
As you read the scroll labeled VEAGAC VOMEN, it crumbles to dust.
You feel blessed for a moment.
It was a scroll of remove curse.
* * * LOW HITPOINT WARNING * * *
You feel very sick.
Drink which item? (? for menu, Esc to quit)
It was a potion of cancellation.
Your magical effects are unravelling.
You feel magically purged.
You feel yourself speed up.
You die...

##
####...
#.....#
...#.##
.....##
##.....##
#.......#
♣♣
#..@....#
P.
#..<....#
..
#.......#
.P
##.....##
P♣
##...##
♣♣ #..##
##..#
##...#
### ####
#...##


There were no monsters in sight!

Vanquished Creatures
  A killer bee (D:3)
  2 orc priests (D:3)
  An orc wizard (D:3)
  3 adders (D:2)
  An ooze (D:1)
  2 giant geckos
  6 orcs (D:3)
  4 giant cockroaches
  4 goblins
  7 hobgoblins (D:1)
  4 jackals (D:2)
  7 kobolds
  2 quokkas (D:2)
  2 ball pythons
  7 bats
  5 giant newts
  5 rats
63 creatures vanquished.

Notes
Turn   | Place    | Note
--------------------------------------------------------------
     0 | D:1      | septik the Minotaur Berserker began the quest for the Orb.
     0 | D:1      | Reached XP level 1. HP: 19/19 MP: 0/0
   145 | D:1      | Reached XP level 2. HP: 21/27 MP: 1/1
   249 | D:1      | Reached skill level 4 in Maces & Flails
   631 | D:1      | Reached XP level 3. HP: 30/33 MP: 2/2
   647 | D:1      | Reached ** piety under Trog
   900 | D:2      | Reached skill level 5 in Maces & Flails
  1259 | D:2      | Found a glowing golden altar of the Shining One.
  1287 | D:2      | Reached XP level 4. HP: 38/40 MP: 3/3
  1925 | D:3      | Reached skill level 6 in Maces & Flails
  1984 | D:3      | Reached *** piety under Trog
  2003 | D:3      | Reached XP level 5. HP: 34/46 MP: 4/4
  2007 | D:3      | Reached skill level 7 in Maces & Flails
  2283 | D:3      | HP: 1/46 [poisoned by a killer bee]
  2284 | D:3      | Succumbed to a killer bee's poison

Vault maps used:
D:1:      grunt_arrival_crossed_arrows
D:2:      serial_forest, infiniplex_forest_straight_2,
          infiniplex_forest_lined_room_2, infiniplex_forest_end_1,
          infiniplex_forest_clump_small, infiniplex_forest_corner_1,
          nicolae_tso_carved_into_rock
D:3:      first_bread, uniq_crazy_yiuf_cottage, uniq_natasha

Action                   |  1- 3 |  4- 6 || total
-------------------------+-------+-------++-------
Melee: Mace              |    75 |    63 ||   138
Invok: Berserk           |       |     1 ||     1
  Use: Scroll            |       |     1 ||     1
       Potion            |       |     1 ||     1
  Eat: Chunk             |     1 |     3 ||     4
